[Event "Titled Tuesday Blitz May 30 Early 2023"]
[White "Martinez, Shawn"]
[Black "RobertDowneyJr0111"]
[WhiteFideId "2039770"]
[WhiteElo "2174"]
[BlackElo "2626"]
[Result "0-1"]
[Round "01"]
[TimeControl "180+2"]
[Date "2023.05.30"]
[WhiteClock "0:01:22"]
[BlackClock "0:01:25"]

1. e4 e5 2. Nf3 Nc6 3. d4 exd4 4. Nxd4 Nf6 5. Nxc6 bxc6 6. e5 Qe7 7. Qe2 Nd5 8. c4 Nb6 9. Nd2 a5 10. b3 a4 11. Bb2 axb3 12. axb3 Rxa1+ 13. Bxa1 Qa3 14. Qd1 Bb4 15. Bd3 Bxd2+ 16. Kxd2 O-O 17. Bc3 d5 18. exd6 Qxd6 19. Qh5 h6 20. c5 Qf4+ 21. Kc2 Nd5 22. Qf3 Nb4+ 23. Bxb4 Qxb4 24. Qe4 Qxc5+ 25. Kb2 Qxf2+ 26. Bc2 g6 27. Rd1 Qf6+ 28. Kb1 Bf5 29. Qc4 Ra8 30. Bxf5 Qa1+ 31. Kc2 Ra2+ 32. Kd3 Qxd1+ 33. Ke4 gxf5+ 34. Ke5 Qd5+ 35. Kf6 Qxc4 36. bxc4 Rxg2 0-1


[Site "https://www.chess.com"]

[Event "Titled Tuesday Blitz May 30 Early 2023"]
[White "Bernabeu Lopez, Carlos Javier"]
[Black "gao6969"]
[WhiteFideId "2235366"]
[WhiteElo "2344"]
[BlackElo "2322"]
[Result "1-0"]
[Round "01"]
[TimeControl "180+2"]
[Date "2023.05.30"]
[WhiteClock "0:02:07"]
[BlackClock "0:01:00"]

1. c4 e5 2. Nc3 Bb4 3. Nf3 Nc6 4. d3 Nf6 5. Bd2 O-O 6. e3 Re8 7. a3 Bf8 8. Be2 d5 9. cxd5 Nxd5 10. O-O Be6 11. Rc1 f6 12. b4 a6 13. Ne4 Qe7 14. Nc5 Bc8 15. Qb3 Qf7 16. d4 Bxc5 17. Rxc5 Be6 18. Bc4 Nce7 19. e4 Nf4 20. Bxf4 Bxc4 21. Qxc4 Qxc4 22. Rxc4 exf4 23. Rxc7 Nc6 24. d5 Nd8 25. Re1 Kf8 26. e5 fxe5 27. Rxe5 Rxe5 28. Nxe5 a5 29. b5 a4 30. Rd7 Ke8 31. Rxg7 Rc8 32. h4 Rc1+ 33. Kh2 Rc3 34. Rg4 Rxa3 35. Rxf4 Rb3 36. Rxa4 Rxb5 37. Rd4 Ne6 38. dxe6 Rxe5 39. Rd7 Rxe6 40. Rxb7 h6 41. g4 Kf8 42. Kg3 Ra6 43. g5 Kg8 44. Kg4 Rc6 45. f4 Ra6 46. f5 Rc6 47. f6 hxg5 48. hxg5 Rc1 49. Kh5 Rc2 50. Kg6 Rc8 51. Rg7+ Kf8 52. Rh7 Rc1 53. Rh8# 1-0


[Site "https://www.chess.com"]

[Event "Titled Tuesday Blitz May 30 Early 2023"]
[White "Schuh, Karsten"]
[Black "MKlose11"]
[WhiteFideId "4637950"]
[WhiteElo "2138"]
[BlackElo "2623"]
[Result "1/2-1/2"]
[Round "01"]
[TimeControl "180+2"]
[Date "2023.05.30"]
[WhiteClock "0:00:10"]
[BlackClock "0:00:05"]

1. Nf3 Nf6 2. c4 c5 3. g3 Nc6 4. Bg2 d6 5. O-O g6 6. Nc3 Bg7 7. a3 O-O 8. Rb1 Rb8 9. b4 b6 10. d3 Bb7 11. Bg5 Qd7 12. Qd2 Rfd8 13. Bh6 Bh8 14. Rfd1 cxb4 15. axb4 d5 16. b5 Na5 17. Bf4 Rbc8 18. Nxd5 Nxd5 19. cxd5 Bxd5 20. h4 h5 21. Ng5 Bxg2 22. Kxg2 Qd5+ 23. Kg1 Nb3 24. Qa2 Nd4 25. Qxd5 Rxd5 26. Kf1 Nxb5 27. e4 Rdc5 28. Be3 Nc3 29. Bxc5 Rxc5 30. d4 Ra5 31. e5 Nxb1 32. Rxb1 f6 33. exf6 Bxf6 34. Nf3 Ra3 35. Kg2 Kf7 36. Rc1 b5 37. Rc7 Ke6 38. Rb7 a6 39. Rb6+ Kd5 40. Ne5 Kxd4 41. Nxg6 Kc5 42. Rb7 b4 43. Nf4 b3 44. Nxh5 Bc3 45. Nf4 a5 46. h5 a4 47. h6 b2 48. Nd3+ Kc6 49. Rxb2 Bxb2 50. Nxb2 Rb3 51. h7 Rb8 52. Nd3 a3 53. Nc1 Rh8 54. Kf3 Rxh7 55. Ke4 Rh1 56. Na2 Ra1 57. Nb4+ Kb5 58. Nc2 Ra2 59. Kd3 Rb2 60. Kc3 Rxc2+ 61. Kxc2 Kc4 62. f4 Kd4 63. g4 Ke4 64. g5 Kf5 65. Kb3 e5 66. fxe5 Kxg5 67. e6 Kf6 68. Kxa3 Ke7 69. Kb4 Kxe6 1/2-1/2


[Site "https://www.chess.com"]

[Event "Titled Tuesday Blitz May 30 Early 2023"]
[White "Al-Tarboush, Ward"]
[Black "Buscar, Michael"]
[WhiteFideId "7601450"]
[BlackFideId "2603616"]
[WhiteElo "2265"]
[BlackElo "2010"]
[Result "1-0"]
[Round "01"]
[TimeControl "180+2"]
[Date "2023.05.30"]
[WhiteClock "0:00:12"]
[BlackClock "0:00:00"]

1. e4 c5 2. Nf3 Nc6 3. d4 cxd4 4. Nxd4 Nf6 5. Nc3 e5 6. Ndb5 h6 7. Nd6+ Bxd6 8. Qxd6 Qe7 9. Qxe7+ Kxe7 10. Be3 Rd8 11. O-O-O d6 12. f3 Be6 13. g4 d5 14. Bc5+ Ke8 15. Nb5 Rac8 16. Nd6+ Rxd6 17. Bxd6 dxe4 18. Bb5 exf3 19. Bxe5 Nxg4 20. Bxg7 Nf2 21. Bxh6 Nxh1 22. Rxh1 a6 23. Bd3 Bxa2 24. Be4 Be6 25. Bxf3 Nd4 26. Bxb7 Rxc2+ 27. Kb1 Bf5 28. Ka2 Be6+ 29. Ka1 a5 30. Be4 Re2 31. Bd3 Rg2 32. Be3 Nc2+ 33. Bxc2 Rxc2 34. h4 Kf8 35. h5 Kg7 36. h6+ Kh7 37. Rg1 a4 38. Kb1 Bf5 39. Ka2 Bg6 40. Ka3 Rc4 41. Rd1 Rh4 42. Rd8 Rh3 43. Re8 f5 44. Re7+ Kh8 45. Kxa4 Rh4+ 46. Kb5 1-0


[Site "https://www.chess.com"]

[Event "Titled Tuesday Blitz May 30 Early 2023"]
[White "Rose, Felix"]
[Black "koncheto"]
[WhiteFideId "5105722"]
[WhiteElo "2039"]
[BlackElo "2622"]
[Result "1-0"]
[Round "01"]
[TimeControl "180+2"]
[Date "2023.05.30"]
[WhiteClock "0:00:59"]
[BlackClock "0:00:06"]

1. e4 e5 2. Nf3 Nf6 3. Nxe5 Nc6 4. Nxc6 dxc6 5. d3 Bc5 6. Be2 h5 7. h3 Qd6 8. Nd2 Be6 9. Nf3 Qd7 10. Bf4 O-O-O 11. Qd2 h4 12. O-O-O Bxf2 13. Be3 Bg3 14. Kb1 Qe7 15. Qa5 a6 16. e5 Rd5 17. exf6 Qxf6 18. Qc3 Qe7 19. d4 Rdd8 20. Bc4 Bxc4 21. Qxc4 Qxe3 22. Qxf7 Qh6 23. a3 Rd7 24. Qf5 g6 25. Qe6 g5 26. Qxh6 Rxh6 27. Nxg5 Bf4 28. Nf3 Kd8 29. Rhe1 Rg7 30. Re4 Bg3 31. Rd2 Kd7 32. Rde2 Rd6 33. c3 b6 34. Kc2 c5 35. dxc5 bxc5 36. Ne5+ Kc8 37. Nd3 c4 38. Rxc4 Kb7 39. Nc5+ Kb6 40. Ne4 Rdg6 41. Rb4+ Ka7 42. Nc5 c6 43. Ra4 Kb8 44. Nxa6+ Kc8 45. Nc5 Bd6 46. Ra8+ Kc7 47. Ra7+ Kb6 48. Rxg7 Rxg7 49. Ne6 Rg3 50. b4 c5 51. Nxc5 Bxc5 52. bxc5+ Kxc5 53. Kb3 Kb5 54. Re5+ Kb6 55. Re2 Kb5 56. a4+ Kb6 57. Kb4 Ka6 58. c4 Kb6 59. Re6+ Kb7 60. Re2 Kb6 61. c5+ Kc6 62. Re6+ Kb7 63. Re2 Kc6 64. Re6+ Kb7 65. Kb5 Rxg2 66. c6+ Kc7 67. Re7+ Kc8 68. Rh7 Rb2+ 69. Ka5 Rc2 70. Rxh4 Rxc6 71. Rb4 Rh6 72. h4 Rh5+ 73. Kb6 Kb8 74. a5 Rh6+ 75. Kc5+ Ka7 76. Ra4 Ka6 77. Kd5 Rh5+ 78. Ke6 Rh6+ 79. Kf5 Rh8 80. Kg5 Rg8+ 81. Kh6 Rc8 82. h5 Rc6+ 83. Kg7 Rc7+ 84. Kg6 Rc6+ 85. Kg5 Rc5+ 86. Kg4 Rc6 87. Ra3 Rc4+ 88. Kg5 Rc5+ 89. Kg6 Rc6+ 90. Kf7 Rc7+ 91. Ke6 Rc6+ 92. Kd7 Rh6 93. Rh3 Kxa5 94. Ke7 Kb5 95. Kf7 Kc5 96. Kg7 Ra6 97. h6 Ra7+ 98. Kg6 Ra6+ 99. Kg5 Ra7 100. h7 Ra1 101. h8=Q Rg1+ 102. Kf4 Rc1 103. Rh5+ Kb4 104. Qb8+ Kc3 105. Rc5+ Kd2 106. Qd6+ Ke2 107. Rxc1 Kf2 108. Qd2# 1-0


[Site "https://www.chess.com"]

[Event "Titled Tuesday Blitz May 30 Early 2023"]
[White "Lenaerts, Lennert"]
[Black "KVAIDAN"]
[WhiteFideId "211435"]
[WhiteElo "2334"]
[BlackElo "2313"]
[Result "1-0"]
[Round "01"]
[TimeControl "180+2"]
[Date "2023.05.30"]
[WhiteClock "0:01:10"]
[BlackClock "0:01:26"]

1. d4 e6 2. c4 f5 3. g3 Nf6 4. Bg2 Be7 5. Nf3 O-O 6. O-O d6 7. Nc3 a5 8. b3 Ne4 9. Bb2 Nxc3 10. Bxc3 Bf6 11. Qd3 Nc6 12. e4 fxe4 13. Qxe4 e5 14. dxe5 dxe5 15. Nxe5 Qe8 16. Nxc6 Bxc3 17. Rac1 Bf6 18. Qxe8 Rxe8 19. b4 bxc6 20. Bxc6 Be6 21. Bxe8 Rxe8 22. bxa5 Ra8 23. Rfe1 Kf7 24. Re2 Rxa5 25. f3 Ra4 26. Rec2 Bd4+ 27. Kg2 c5 28. h4 Ra3 29. Rb1 Bf5 30. Rb7+ Kf6 31. Rb6+ Ke7 32. Re2+ Kd8 33. g4 Bd3 34. Rb8+ Kc7 35. Ree8 Bxc4 36. Rbc8+ Kd7 37. Red8+ Ke6 38. Re8+ Kf7 39. Rf8+ Kg6 40. Rc6+ Bf6 41. g5 Bd5 42. Rd6 Bxf3+ 43. Kf2 Be4 44. gxf6 Rxa2+ 45. Ke3 Bb1 46. f7+ Kh5 47. Re8 Bg6 48. f8=Q Ra3+ 49. Kd2 1-0


[Site "https://www.chess.com"]

[Event "Titled Tuesday Blitz May 30 Early 2023"]
[White "Mikhaylova, Irina"]
[Black "Agibileg, Uurtsaikh"]
[WhiteFideId "4109040"]
[BlackFideId "4901606"]
[WhiteElo "1975"]
[BlackElo "2353"]
[Result "0-1"]
[Round "01"]
[TimeControl "180+2"]
[Date "2023.05.30"]
[WhiteClock "0:00:09"]
[BlackClock "0:00:15"]

1. d4 Nf6 2. Nf3 g6 3. c4 Bg7 4. Nc3 O-O 5. e4 d6 6. Be2 e5 7. dxe5 dxe5 8. Qxd8 Rxd8 9. Bg5 Re8 10. Nd5 Nxd5 11. cxd5 c6 12. Bc4 b5 13. Bb3 c5 14. a4 c4 15. Bd1 Bd7 16. axb5 Bxb5 17. Ba4 Bxa4 18. Rxa4 Rc8 19. Nd2 c3 20. bxc3 Rxc3 21. Ke2 f5 22. Rha1 a6 23. f3 Bf8 24. Rc4 Rxc4 25. Nxc4 Nd7 26. f4 Re8 27. fxe5 Nxe5 28. Nxe5 Rxe5 29. Rxa6 fxe4 30. Bf4 Rxd5 31. Ra4 g5 32. Bg3 Rb5 33. Rxe4 Rb2+ 34. Kf3 h5 35. h4 g4+ 36. Kf4 Bd6+ 37. Kg5 Bxg3 38. Kxh5 Rxg2 39. Rxg4+ Kf7 40. Rg6 Rg1 41. Rg4 Kf6 42. Rg6+ Kf5 43. Rg5+ Kf4 44. Rg8 Ra1 45. Rf8+ Ke4 46. Kg4 Bd6 47. Re8+ Be5 48. h5 Rg1+ 49. Kh4 Kf5 50. Rf8+ Bf6+ 51. Kh3 Rh1+ 52. Kg2 Rxh5 53. Kf3 Rh3+ 54. Ke2 Ra3 55. Kd2 Ke5 56. Re8+ Kd4 57. Rf8 Ra2+ 58. Ke1 Be5 59. Rd8+ Ke3 60. Kd1 Bd4 61. Kc1 Kd3 62. Rb8 Rh2 63. Kb1 Rh1+ 64. Ka2 Ra1+ 65. Kb3 Rb1+ 66. Ka4 Rxb8 0-1


[Site "https://www.chess.com"]

[Event "Titled Tuesday Blitz May 30 Early 2023"]
[White "Nasir, Zehn"]
[Black "Jarocka, Liwia"]
[WhiteFideId "2613239"]
[BlackFideId "21807558"]
[WhiteElo "1993"]
[BlackElo "2013"]
[Result "1-0"]
[Round "01"]
[TimeControl "180+2"]
[Date "2023.05.30"]
[WhiteClock "0:00:13"]
[BlackClock "0:00:03"]

1. d4 d5 2. Bf4 e6 3. e3 Nf6 4. Nf3 Be7 5. Bd3 O-O 6. Nbd2 c5 7. c3 Nc6 8. Ne5 Qb6 9. Rb1 Nxe5 10. dxe5 Nd7 11. Qh5 g6 12. Qh6 Re8 13. Nf3 Bf8 14. Qh4 Bg7 15. Ng5 Nf8 16. O-O Bd7 17. Nf3 Bb5 18. Bxb5 Qxb5 19. Bh6 Qd7 20. Bxg7 Kxg7 21. Qf6+ Kg8 22. h4 Qe7 23. Qf4 a5 24. Rbd1 c4 25. e4 Red8 26. exd5 exd5 27. Rd2 a4 28. a3 Ne6 29. Qg4 Ra5 30. Rfd1 Rd7 31. h5 d4 32. Nxd4 Rxe5 33. Nf5 Rxf5 34. Rxd7 Qf6 35. hxg6 hxg6 36. Qg3 Kg7 37. Rxb7 Rg5 38. Qe3 Nf4 39. g3 Nh3+ 40. Kg2 Nf4+ 41. Kf1 Ne6 42. Rdd7 Re5 43. Rxf7+ Kg8 44. Rxf6 1-0


[Site "https://www.chess.com"]

[Event "Titled Tuesday Blitz May 30 Early 2023"]
[White "Maung, Maung Kyaw Zaw Hein"]
[Black "NikaVolkov"]
[WhiteFideId "13001698"]
[WhiteElo "2019"]
[BlackElo "2610"]
[Result "0-1"]
[Round "01"]
[TimeControl "180+2"]
[Date "2023.05.30"]
[WhiteClock "0:01:52"]
[BlackClock "0:02:33"]

1. Nf3 e6 2. c4 d5 3. d4 Nf6 4. Nc3 Be7 5. Bg5 O-O 6. e3 c5 7. cxd5 exd5 8. dxc5 Bxc5 9. Be2 Be6 10. O-O Nc6 11. Nb5 h6 12. Bh4 Be7 13. Nbd4 Bd7 14. Rc1 Qb6 15. Qb3 Rac8 16. Qxb6 axb6 17. a3 g5 18. Bg3 Ne4 19. Rc2 f5 20. Rfc1 Nxd4 21. Nxd4 Rxc2 22. Rxc2 f4 23. exf4 gxf4 24. Rc7 fxg3 25. f3 gxh2+ 26. Kh1 Nf2+ 27. Kxh2 Bd6+ 28. Kg1 Bxc7 0-1


[Site "https://www.chess.com"]

[Event "Titled Tuesday Blitz May 30 Early 2023"]
[White "Atanasov, Anthony"]
[Black "Sovetbekova, Nurai"]
[WhiteFideId "2623897"]
[BlackFideId "13801910"]
[WhiteElo "2326"]
[BlackElo "1857"]
[Result "1-0"]
[Round "01"]
[TimeControl "180+2"]
[Date "2023.05.30"]
[WhiteClock "0:01:27"]
[BlackClock "0:00:14"]

1. d4 Nf6 2. Nf3 e6 3. Bf4 d5 4. e3 c5 5. Nbd2 Nc6 6. c3 Nh5 7. Bg5 Qb6 8. Qc2 h6 9. Bh4 g5 10. Bg3 Nxg3 11. hxg3 Bg7 12. Bd3 Bd7 13. dxc5 Qxc5 14. e4 O-O-O 15. Nb3 Qd6 16. O-O-O dxe4 17. Bxe4 Qc7 18. Nc5 b6 19. Nxd7 Rxd7 20. Qa4 Nb8 21. Rxd7 Qxd7 22. Qc4+ Qc7 23. Qa4 f5 24. Bd3 Rd8 25. Bc4 Qe7 26. Re1 e5 27. Qb5 Nd7 28. Qc6+ Kb8 29. Bd5 Nc5 30. Qa8+ Kc7 31. Qxa7+ Kd6 32. Qxb6+ Kxd5 33. Rd1+ Ke4 34. Qb4+ Rd4 35. Nxd4 exd4 36. Re1+ Kd5 37. Rxe7 Nd3+ 38. Kd2 Nxb4 39. Rxg7 dxc3+ 40. bxc3 Nxa2 41. Ra7 1-0


[Site "https://www.chess.com"]

[Event "Titled Tuesday Blitz May 30 Early 2023"]
[White "Ardila, Oscar Humberto"]
[Black "Mamedov, Edgar"]
[WhiteFideId "4404742"]
[BlackFideId "13739980"]
[WhiteElo "1918"]
[BlackElo "2317"]
[Result "1-0"]
[Round "01"]
[TimeControl "180+2"]
[Date "2023.05.30"]
[WhiteClock "0:00:20"]
[BlackClock "0:00:03"]

1. d4 d5 2. c4 e6 3. Nc3 Nf6 4. Bg5 Be7 5. e3 O-O 6. Nf3 c6 7. Qc2 Nbd7 8. cxd5 exd5 9. Bd3 Re8 10. O-O Nf8 11. Ne5 g6 12. Rae1 Ne6 13. Bh6 Nh5 14. f4 Bf8 15. Bxf8 Nxf8 16. g4 Ng7 17. Qg2 f6 18. Nf3 f5 19. g5 Nfe6 20. Ne5 a5 21. h4 c5 22. Nxd5 cxd4 23. Nf6+ Kf8 24. Nxh7+ Ke7 25. Nxg6+ Kd6 26. Bc4 Kc7 27. Nf6 Bd7 28. Nxe8+ Bxe8 29. Ne5 dxe3 30. Bxe6 Nxe6 31. Rxe3 Qd4 32. Qf2 Bh5 33. Rc3+ Kb8 34. Qxd4 Nxd4 35. Kf2 Ka7 36. Rc5 Rd8 37. Rxa5+ Kb8 38. Rc1 Ne2 39. Rc2 Nxf4 40. Rb5 Ka8 41. Ra5+ Kb8 42. Rb5 Ka8 43. Rc7 Rd2+ 44. Ke3 Nd5+ 45. Kxd2 Nxc7 46. Ra5+ Kb8 47. Nd7+ Kc8 48. Nf6 Bf7 49. Rxf5 1-0


[Site "https://www.chess.com"]

[Event "Titled Tuesday Blitz May 30 Early 2023"]
[White "Iskusnyh, Sergei"]
[Black "lluiss"]
[WhiteFideId "4120027"]
[WhiteElo "2492"]
[BlackElo "2305"]
[Result "1-0"]
[Round "01"]
[TimeControl "180+2"]
[Date "2023.05.30"]
[WhiteClock "0:00:17"]
[BlackClock "0:00:00"]

1. d4 Nf6 2. c4 g6 3. g3 c6 4. Bg2 d5 5. Nd2 Bg7 6. Ngf3 O-O 7. O-O dxc4 8. Nxc4 Be6 9. Qc2 Bd5 10. Rd1 a5 11. Bd2 Na6 12. Bxa5 Qb8 13. Nb6 Be4 14. Qc1 Ra7 15. Bd2 Nd5 16. Nxd5 cxd5 17. Bf4 Qa8 18. Qd2 Rc8 19. Rdc1 b5 20. Rxc8+ Qxc8 21. Rc1 Qd7 22. Ne5 Bxe5 23. Bxe5 f6 24. Bf4 Nc7 25. f3 Bf5 26. e4 Be6 27. e5 Bf5 28. exf6 exf6 29. Bxc7 Rxc7 30. Rxc7 Qxc7 31. g4 Be6 32. a3 Qc4 33. Bf1 Qb3 34. Kf2 Kf7 35. Be2 g5 36. Bd1 Qc4 37. Qc3 Qxc3 38. bxc3 f5 39. gxf5 Bxf5 40. f4 gxf4 41. Kf3 Bd3 42. Kxf4 Kf6 43. Bf3 Ke6 44. Kg5 Bc4 45. Bg4+ Ke7 46. Bf5 1-0


[Site "https://www.chess.com"]

[Event "Titled Tuesday Blitz May 30 Early 2023"]
[White "Vaglio Munoz, Jaime"]
[Black "Sadykov, Ramil"]
[WhiteFideId "6500145"]
[BlackFideId "24113590"]
[WhiteElo "2199"]
[BlackElo "2245"]
[Result "0-1"]
[Round "01"]
[TimeControl "180+2"]
[Date "2023.05.30"]
[WhiteClock "0:00:41"]
[BlackClock "0:00:56"]

1. Nf3 c5 2. c4 Nc6 3. b3 e5 4. d3 g6 5. Bb2 Bg7 6. Nc3 Nge7 7. g3 d5 8. cxd5 Nxd5 9. Rc1 O-O 10. Nxd5 Qxd5 11. Bg2 Be6 12. O-O Qd6 13. Nd2 b6 14. Nc4 Qc7 15. Qd2 f6 16. Qe3 Rfe8 17. Qf3 Rac8 18. e3 Qd7 19. Qe2 Bd5 20. e4 Be6 21. Ne3 Nb4 22. Rfd1 Nxa2 23. Nd5 Nxc1 24. Rxc1 f5 25. Bc3 Rcd8 26. Ra1 Qf7 27. Qa2 Bxd5 28. exd5 a5 29. Qb2 e4 30. dxe4 fxe4 31. Rd1 Bxc3 32. Qxc3 Rxd5 33. Qc4 Rxd1+ 34. Bf1 0-1


[Site "https://www.chess.com"]

[Event "Titled Tuesday Blitz May 30 Early 2023"]
[White "Makaraci, Tunahan"]
[Black "crosky"]
[WhiteFideId "6356559"]
[WhiteElo "2160"]
[BlackElo "2302"]
[Result "1-0"]
[Round "01"]
[TimeControl "180+2"]
[Date "2023.05.30"]
[WhiteClock "0:01:51"]
[BlackClock "0:01:14"]

1. e4 c6 2. d4 d5 3. exd5 cxd5 4. c4 Nf6 5. Nc3 g6 6. Nf3 Bg7 7. cxd5 O-O 8. h3 Nxd5 9. Bc4 Nxc3 10. bxc3 b6 11. O-O Bb7 12. Re1 Nc6 13. Ba3 Rc8 14. Bb3 Re8 15. Bxf7+ Kxf7 16. Ng5+ Kg8 17. Qb3+ e6 18. Rxe6 Rf8 19. Rxc6+ Kh8 20. Rxc8 Qxg5 21. Rxf8+ Bxf8 22. g3 Bxa3 23. Qxa3 Qd5 24. Qf8+ 1-0


[Site "https://www.chess.com"]

[Event "Titled Tuesday Blitz May 30 Early 2023"]
[White "Jiganchine, Roman"]
[Black "brm72"]
[WhiteFideId "2603667"]
[WhiteElo "2301"]
[BlackElo "2607"]
[Result "0-1"]
[Round "01"]
[TimeControl "180+2"]
[Date "2023.05.30"]
[WhiteClock "0:00:00"]
[BlackClock "0:00:32"]

1. e4 c5 2. Nf3 d6 3. Bb5+ Nd7 4. a4 a6 5. Be2 g6 6. d4 cxd4 7. Qxd4 Ngf6 8. e5 dxe5 9. Nxe5 Qa5+ 10. Bd2 Qxe5 11. Qxe5 Nxe5 12. Bc3 Nc6 13. g4 Bg7 14. g5 Nh5 15. Bxh5 Bxc3+ 16. Nxc3 gxh5 17. Nd5 O-O 18. Nb6 Rb8 19. O-O-O Bg4 20. Rd3 Rfd8 21. Rg3 Bf5 22. Re1 e6 23. c3 Kg7 24. b4 Ne7 25. Kb2 Nd5 26. Nc4 Nf4 27. Ne5 Rd5 28. c4 Rxe5 29. Rxe5 Nd3+ 30. Rxd3 Bxd3 31. Kc3 Bf5 32. Rc5 h4 33. Rc7 Kg6 34. f4 e5 35. fxe5 Be6 36. c5 Kxg5 37. b5 axb5 38. axb5 Kf4 39. Kb4 Kxe5 40. Ka5 Bd5 41. Kb6 h3 42. Re7+ Kf4 43. Rd7 Ke5 44. Re7+ Kd4 45. Rd7 Kc4 46. Kc7 Ra8 47. Kb6 Rc8 48. Re7 Rxc5 49. Re5 Rxb5+ 50. Kc7 Rb2 51. Rf5 b5 0-1


[Site "https://www.chess.com"]

[Event "Titled Tuesday Blitz May 30 Early 2023"]
[White "MaryanKyrychenko"]
[Black "Mirzanurov, Bulat"]
[BlackFideId "4184521"]
[WhiteElo "2604"]
[BlackElo "2005"]
[Result "1-0"]
[Round "01"]
[TimeControl "180+2"]
[Date "2023.05.30"]
[WhiteClock "0:01:32"]
[BlackClock "0:01:25"]

1. e4 c5 2. Nc3 d6 3. f4 Nc6 4. Nf3 g6 5. Bb5 Bg7 6. O-O e6 7. Bxc6+ bxc6 8. d3 Ne7 9. Be3 O-O 10. Kh1 Rb8 11. Rb1 Ba6 12. Qd2 Qa5 13. e5 d5 14. Nxd5 Qd8 15. Nxe7+ Qxe7 16. Qa5 Bb5 17. a4 Rb6 18. axb5 cxb5 19. b4 1-0


[Site "https://www.chess.com"]

[Event "Titled Tuesday Blitz May 30 Early 2023"]
[White "Bashkansky, Ethan"]
[Black "Streltsov, Alexey"]
[WhiteFideId "2071533"]
[BlackFideId "24104434"]
[WhiteElo "2300"]
[BlackElo "2604"]
[Result "1-0"]
[Round "01"]
[TimeControl "180+2"]
[Date "2023.05.30"]
[WhiteClock "0:00:02"]
[BlackClock "0:00:29"]

1. d4 d5 2. c4 e6 3. Nc3 c6 4. e3 f5 5. Nf3 Bd6 6. Ne5 Nf6 7. Be2 O-O 8. O-O Bd7 9. Bd2 Be8 10. Be1 g5 11. Kh1 g4 12. f3 h5 13. Bh4 Nbd7 14. Nxd7 Qxd7 15. Bxf6 Rxf6 16. f4 h4 17. c5 Be7 18. b4 b6 19. a4 Rf8 20. Qc2 a5 21. cxb6 axb4 22. Nd1 Ra5 23. Nb2 Qb7 24. Nd3 Qxb6 25. Rfc1 Bd6 26. Qb3 Bd7 27. Ra2 Rb8 28. Rac2 Rba8 29. Ra2 Bc8 30. Nb2 Ba6 31. Bd1 h3 32. gxh3 gxh3 33. Nd3 Ra7 34. Be2 Bc4 35. Rg1+ Kf7 36. Bh5+ Kf8 37. Qb2 Bxd3 38. Qf2 b3 39. Qg3 Be4+ 40. Bf3 Bxf3+ 41. Qxf3 bxa2 42. Qh5 Qb2 43. Qh8+ Ke7 44. Rg7+ 1-0


[Site "https://www.chess.com"]

[Event "Titled Tuesday Blitz May 30 Early 2023"]
[White "iHateNAJDORF"]
[Black "rikchessmx"]
[WhiteElo "2604"]
[BlackElo "2294"]
[Result "1/2-1/2"]
[Round "01"]
[TimeControl "180+2"]
[Date "2023.05.30"]
[WhiteClock "0:00:04"]
[BlackClock "0:00:24"]

1. e4 e5 2. Nf3 Nc6 3. Bc4 Bc5 4. O-O d6 5. c3 Qf6 6. d3 h6 7. a4 a6 8. b4 Ba7 9. Be3 Nge7 10. Nbd2 Ng6 11. Re1 Nf4 12. Nf1 O-O 13. Ng3 Bg4 14. d4 exd4 15. cxd4 Nxb4 16. e5 dxe5 17. dxe5 Bxf3 18. Qxf3 Nh3+ 19. Kf1 Qxf3 20. gxf3 Bxe3 21. fxe3 Nc2 22. f4 Nxa1 23. Rxa1 b5 24. Bd5 Rad8 25. Bg2 Nxf4 26. exf4 Rd4 27. axb5 Rxf4+ 28. Kg1 axb5 29. Be4 Re8 30. Ra5 Rxe4 31. Nxe4 Rxe5 32. Nc3 c6 33. Ra8+ Kh7 34. Rc8 b4 35. Na4 Re6 36. Rb8 Re4 37. Rb6 Rc4 38. Rb7 Kg6 39. Kg2 b3 40. Nb6 Rc2+ 41. Kg3 b2 42. Na4 c5 43. Nxb2 c4 44. Na4 Ra2 45. Nc5 c3 46. Rc7 Ra3 47. Kg2 f5 48. Ne6 Kf6 49. Nxg7 c2 50. Nh5+ Kg5 51. Ng3 Ra2 52. Kh3 f4 53. Ne4+ Kf5 54. Nd6+ Ke5 55. Nf7+ Kd4 56. Nxh6 Kd3 57. Ng4 Kd2 58. Rd7+ Ke1 59. Rc7 f3 60. Kg3 Ke2 61. Nf2 Kd2 62. Rd7+ Ke1 63. Re7+ Kd2 64. Rd7+ Kc3 65. Rc7+ Kb2 66. Nd3+ Kb1 67. Rb7+ Ka1 68. Kxf3 Ra3 69. Ke2 Rxd3 70. Rc7 Rh3 71. Rxc2 Rxh2+ 72. Kd3 Rxc2 73. Kxc2 1/2-1/2


[Site "https://www.chess.com"]

[Event "Titled Tuesday Blitz May 30 Early 2023"]
[White "Zaksaite, Salomeja"]
[Black "Colas, Joshua"]
[WhiteFideId "12801496"]
[BlackFideId "2044447"]
[WhiteElo "2059"]
[BlackElo "2347"]
[Result "0-1"]
[Round "01"]
[TimeControl "180+2"]
[Date "2023.05.30"]
[WhiteClock "0:00:00"]
[BlackClock "0:00:08"]

1. e4 c5 2. Nf3 e6 3. g3 Nf6 4. Qe2 d5 5. exd5 Nxd5 6. Bg2 Be7 7. O-O O-O 8. Nc3 Nxc3 9. dxc3 Nc6 10. Rd1 Qb6 11. b3 Bf6 12. Qe3 Nb4 13. cxb4 Bxa1 14. bxc5 Qa5 15. a3 Qc3 16. Qxc3 Bxc3 17. b4 e5 18. Rd3 Ba1 19. Nd2 Bf5 20. Be4 Bxe4 21. Nxe4 f5 22. Nd6 e4 23. Rd5 Rad8 24. Be3 g6 25. c4 Bf6 26. Nxb7 Rc8 27. b5 g5 28. c6 Be7 29. a4 a6 30. Bc5 Bxc5 31. Rxc5 axb5 32. cxb5 f4 33. Rxg5+ Kh8 34. gxf4 Rxf4 35. a5 e3 36. a6 exf2+ 37. Kf1 Re8 0-1


[Site "https://www.chess.com"]

[Event "Titled Tuesday Blitz May 30 Early 2023"]
[White "SashaKuzhilniy"]
[Black "Rosenberg, Evan S"]
[BlackFideId "2019299"]
[WhiteElo "2603"]
[BlackElo "2289"]
[Result "1-0"]
[Round "01"]
[TimeControl "180+2"]
[Date "2023.05.30"]
[WhiteClock "0:01:23"]
[BlackClock "0:00:00"]

1. b3 e5 2. Bb2 Nc6 3. e3 d5 4. Bb5 Ne7 5. Nf3 a6 6. Bxc6+ Nxc6 7. Nxe5 Nxe5 8. Bxe5 Qg5 9. Bg3 Be7 10. d4 c6 11. c4 h5 12. h4 Qg6 13. Nd2 Bf5 14. cxd5 cxd5 15. Rc1 Bd3 16. Nf3 Be4 17. O-O O-O 18. Rc7 Bd6 19. Bxd6 Qxd6 20. Rxb7 Rac8 21. Ng5 Bg6 22. Qf3 f6 23. Nh3 Rc2 24. Nf4 Bf7 25. a4 g6 26. Qg3 f5 27. Nxh5 Qxg3 28. Nxg3 Rfc8 29. b4 Ra2 30. a5 Rcc2 31. h5 gxh5 32. Nxf5 Kf8 33. Rb6 h4 34. Nxh4 Be8 35. Rf6+ Ke7 36. Rf4 Bb5 37. Rb1 Rcb2 38. Rxb2 Rxb2 39. g4 Rxb4 40. g5 Rb1+ 41. Kg2 Bf1+ 42. Kh2 Bd3 43. g6 Be4 44. f3 Bxg6 45. Nxg6+ Kd6 46. Rf6+ Kc7 47. Rxa6 Rb3 48. Re6 Ra3 49. a6 Kd7 50. Nf4 Ra1 51. Kg3 Rg1+ 52. Kf2 Rg8 53. Re5 Ra8 54. Nxd5 Kc6 55. Nb4+ Kd6 56. e4 Rb8 57. a7 Rxb4 58. a8=Q Rxd4 59. Rd5+ Rxd5 60. Qxd5+ Ke7 61. f4 1-0


[Site "https://www.chess.com"]

[Event "Titled Tuesday Blitz May 30 Early 2023"]
[White "Blokhin, Sofia"]
[Black "Fiorito, Francisco"]
[WhiteFideId "4508190"]
[BlackFideId "180165"]
[WhiteElo "1994"]
[BlackElo "2341"]
[Result "0-1"]
[Round "01"]
[TimeControl "180+2"]
[Date "2023.05.30"]
[WhiteClock "0:00:00"]
[BlackClock "0:00:54"]

1. e4 c5 2. Nf3 Nc6 3. d4 cxd4 4. Nxd4 g6 5. Nc3 Bg7 6. Be3 Nf6 7. Bc4 O-O 8. f3 Qb6 9. O-O Qxb2 10. Qd2 Qb4 11. Bb3 Nxe4 12. Nxe4 Bxd4 13. Bxd4 Qxd4+ 14. Qxd4 Nxd4 15. Rad1 Nxb3 16. axb3 d6 17. Nc3 Be6 18. Rfe1 Rfc8 19. Rd3 Rc5 20. b4 Rc4 21. Re4 Rac8 22. Rxc4 Rxc4 23. b5 a6 24. Re3 axb5 25. Nxb5 Rxc2 26. h3 Rb2 27. Nd4 b5 28. Nxe6 fxe6 29. Rxe6 Kf7 30. Re3 b4 31. Kf1 b3 32. g3 e5 33. Ke1 Ke6 34. Kd1 Rg2 35. Rxb3 Rxg3 36. h4 e4 37. Ke2 Rxf3 38. Rxf3 exf3+ 39. Kxf3 Kf5 0-1


[Site "https://www.chess.com"]

[Event "Titled Tuesday Blitz May 30 Early 2023"]
[White "Ibadov, Dashgyn"]
[Black "Cupid, Kevin"]
[WhiteFideId "24107514"]
[BlackFideId "7700512"]
[WhiteElo "2208"]
[BlackElo "2124"]
[Result "1-0"]
[Round "01"]
[TimeControl "180+2"]
[Date "2023.05.30"]
[WhiteClock "0:01:26"]
[BlackClock "0:00:14"]

1. e4 c6 2. d4 d5 3. exd5 cxd5 4. Bd3 Nf6 5. h3 Nc6 6. c3 Qc7 7. Nf3 g6 8. O-O Bf5 9. Be2 Bg7 10. Be3 O-O 11. Nbd2 Rfe8 12. Re1 a6 13. Qc1 Rac8 14. Nb3 e5 15. dxe5 Nxe5 16. Nxe5 Qxe5 17. Nd4 Bd7 18. Bf4 Qe7 19. Qd1 Qc5 20. Qb3 b5 21. Be3 Qd6 22. Bf3 Ne4 23. Rad1 Red8 24. Ne2 Qe6 25. Nf4 Qe5 26. Rxd5 Qe8 27. Bb6 Bf5 28. Rxd8 Rxd8 29. Bxd8 Qxd8 30. Bxe4 1-0


[Site "https://www.chess.com"]